 Dungeon Crawl Stone Soup version 0.24.0-123-gd5b16e6ec5 (webtiles) character file.

Game seed: 14481254916166769028, levelgen mode: deterministic

833 Johnny the Digger (level 7, 0/50 HPs)
             Began as a Demigod Earth Elementalist on Feb 1, 2020.
             Slain by a wight
             ... wielding a +3 short sword
              (13 damage)
             ... on level 6 of the Dungeon.
             The game lasted 00:05:55 (4484 turns).

Johnny the Digger (Demigod Earth Elementalist)      Turns: 4484, Time: 00:05:56

Health: 0/50       AC:  6    Str: 11    XL:     7   Next: 38%
Magic:  1/17       EV: 12    Int: 23    God:
Gold:   216        SH:  0    Dex: 16    Spells: 2/15 levels left

rFire    . . .     SeeInvis .   u - +1 spear (venom)
rCold    . . .     Gourm    .   (no shield)
rNeg     . . .     Faith    .   y - +0 leather armour (curse)
rPois    .         Spirit   .   k - +1 helmet
rElec    .         Reflect  .   A - +0 cloak
rCorr    .         Harm     +   (no gloves)
MR       +....                  (no boots)
Stlth    ++........             z - amulet of harm
HPRegen  0.16/turn              q - ring of protection from magic
MPRegen  0.15/turn              (no ring)

@: lightly drained
A: high mp 1
a: no special abilities


You were on level 6 of the Dungeon.
You were not hungry.

You visited 1 branch of the dungeon, and saw 6 of its levels.

You collected 216 gold pieces.

Inventory:

Hand Weapons
 u - a +1 spear of venom (weapon)
Missiles
 h - 164 stones (quivered)
Armour
 k - a +1 helmet (worn)
 t - a +0 large shield
 y - a cursed +0 leather armour (worn)
 A - a +0 cloak (worn)
Jewellery
 q - a ring of protection from magic (left hand)
 z - an amulet of harm (around neck)
Scrolls
 a - 2 scrolls of enchant armour
 b - 6 scrolls of identify
 e - 2 scrolls of remove curse
 g - a scroll of fear {unknown}
 i - 2 scrolls of enchant weapon {unknown}
 n - 2 scrolls of amnesia {unknown}
 p - a scroll of teleportation {unknown}
 r - 2 scrolls of noise {unknown}
 x - a scroll of magic mapping {unknown}
Potions
 f - a potion of mutation {unknown}
 j - 3 potions of brilliance
 l - a potion of cancellation
 m - a potion of lignification {unknown}
 o - a potion of flight {unknown}
 s - a potion of curing
 v - a potion of might {unknown}
 w - a potion of heal wounds {unknown}
 B - a potion of agility {unknown}
Comestibles
 d - 9 rations


   Skills:
 - Level 1.7(1.6) Dodging
 - Level 1.7(1.6) Stealth
 + Level 3.7(3.5) Shields
 + Level 4.7(4.5) Spellcasting
 - Level 0.8(0.7) Transmutations
 + Level 5.5(5.3) Earth Magic


You had 2 spell levels left.
You knew the following spells:

 Your Spells              Type           Power        Failure   Level  Hunger
a - Sandblast             Erth           ####..       1%          1    None
b - Stone Arrow           Conj/Erth      ###...       13%         3    ##.....
c - Lee's Rapid Deconstr  Erth           ####......   38%         5    #####..
d - Petrify               Tmut/Erth      ###.....     36%         4    ####...

Your spell library contained the following spells:

 Spells                   Type           Power        Failure   Level  Hunger
 Passwall                 Tmut/Erth      ###.....     6%          2    None


Dungeon Overview and Level Annotations

Branches:
Dungeon (6/15)             Temple (0/1) D:5

Annotations:
D:5 2 transporters, flt's ghost, novice GnSk
D:6 Blork the orc


Innate Abilities, Weirdness & Mutations

You have an increased reservoir of magic. (+10% MP)


Message History

Unknown command.
Blork the orc mumbles some strange words.
Blork the orc seems to speed up.
As you read the scroll labeled PEOLYI KAAKKU, it crumbles to dust.
It is a scroll of identify.
j - 3 potions of brilliance Blork the orc points at you and mumbles some strange words.
The magic dart hits you.
The wight hits you with a +3 short sword.
Blork the orc closely misses you.
It was a potion of cancellation.
You feel magically purged.
Your magical contamination has completely faded away.
Blork the orc hits you from afar with a +0 halberd!
* * * LOW HITPOINT WARNING * * *
The wight misses you.
Unknown command.
Okay, then.
It was a potion of curing.
You feel better. Blork the orc barely misses you.
The wight hits you with a +3 short sword!
You die...

##........#
#.........#
#.........#
#...?.....#
#..$......#
.=.......#
#......#
#..@.o.#
#...z..#
#####'##
#.# #.#
#)#########
#...z).....
###########


You could see Blork the orc and a wight.

Vanquished Creatures
  An ice beast (D:5)
  2 phantoms
  An ogre (D:4)
  3 wights (D:6)
  2 howler monkeys
  A hound (D:5)
  A jelly (D:5)
  An orc wizard (D:5)
  A hound skeleton (D:4)
  3 gnolls (D:3)
  4 adders
  2 oozes (D:1)
  A worm (D:3)
  2 dart slugs
  5 leopard geckos
  8 orcs
  A ball python (D:2)
  3 giant cockroaches
  3 goblins
  6 hobgoblins
  12 jackals
  9 kobolds
  13 bats
  4 frilled lizards
  A leopard gecko skeleton (D:4)
  12 rats
102 creatures vanquished.

Notes
Turn   | Place    | Note
-------+----------+-------------------------------------------
     0 | D:1      | Johnny the Demigod Earth Elementalist began the quest for
                  | the Orb.
     0 | D:1      | Reached XP level 1. HP: 14/14 MP: 5/5
    19 | D:1      | Reached skill level 3 in Earth Magic
    41 | D:1      | Reached XP level 2. HP: 13/20 MP: 2/7
   574 | D:1      | Reached XP level 3. HP: 13/26 MP: 0/9
  1094 | D:2      | Found a sparkling altar of Nemelex Xobeh.
  1291 | D:2      | Reached XP level 4. HP: 23/33 MP: 8/11
  1718 | D:3      | Found a shattered altar of Ashenzari.
  2221 | D:3      | Reached skill level 4 in Earth Magic
  2582 | D:3      | Reached skill level 1 in Shields
  2900 | D:4      | Noticed a phantom
  2920 | D:4      | Killed a phantom
  2920 | D:4      | Reached XP level 5. HP: 3/38 MP: 3/13
  3160 | D:4      | Learned a level 3 spell: Stone Arrow
  3253 | D:4      | Found a shadowy altar of Dithmenos.
  3394 | D:4      | Noticed an ogre
  3402 | D:4      | Killed an ogre
  3402 | D:4      | Reached XP level 6. HP: 15/45 MP: 11/14
  3821 | D:5      | Entered Level 5 of the Dungeon
  3821 | D:5      | Found a staircase to the Ecumenical Temple.
  3821 | D:5      | Found a transporter.
  3824 | D:5      | Noticed flt's ghost (novice GnSk)
  3831 | D:5      | Found a transporter.
  4103 | D:5      | Learned a level 5 spell: Lee's Rapid Deconstruction
  4108 | D:5      | Learned a level 4 spell: Petrify
  4176 | D:5      | Reached skill level 5 in Earth Magic
  4177 | D:5      | Found a shattered altar of Ashenzari.
  4208 | D:5      | Reached XP level 7. HP: 46/50 MP: 2/17
  4478 | D:6      | Noticed Blork the orc
  4484 | D:6      | Slain by a wight

Levels and vault maps discovered:
D:1:      minmay_arrival_four_circles, layout_rooms, hex_tiny, st_stairs_4
D:2:      layout_loops_ring, serial_rivers, chequers_serial_rivers_small_a,
          chequers_serial_rivers_room_a, chequers_serial_rivers_micro_d,
          chequers_serial_rivers_micro_c, chequers_serial_rivers_small_3,
          lemuel_statue_altar
D:3:      layout_loops_ring, lemuel_crystal_altar, first_ration,
          lemuel_flame_loot_1
D:4:      layout_loops_ring, nicolae_overflow_hidden_temple
D:5:      layout_rooms, minmay_temple_entry_drinking_statues, basic_altar,
          gammafunk_ghost_arena
D:6:      layout_basic, uniq_blork_the_orc, uniq_menkaure

Skill      XL: |  1  2  3  4  5  6 |
---------------+-------------------+-----
Spellcasting   | 2 3 4 |  4.7
Earth Magic    | 3 4 5 |  5.5
Shields        | 1 2 3 |  3.7
Dodging        | |  1.7
Stealth        | |  1.7
Transmutations | |  0.8

Action                   |  1- 3 |  4- 6 |  7- 9 || total
-------------------------+-------+-------+-------++-------
Melee: Unarmed           |    57 |       |       ||    57
       Spear             |    32 |   131 |     9 ||   172
 Cast: Sandblast         |    42 |    42 |     4 ||    88
       Stone Arrow       |       |     2 |     4 ||     6
Evoke: Wand              |       |    21 |       ||    21
  Use: Scroll            |       |     2 |     1 ||     3
       Potion            |       |       |     2 ||     2
 Stab: Sleeping          |     2 |     4 |       ||     6
       Paralysed         |       |     3 |       ||     3
  Eat: Chunk             |     1 |     3 |     1 ||     5
       Ration            |       |     2 |       ||     2
Armor: Robe              |    35 |    19 |       ||    54
       Leather armour    |       |     8 |     1 ||     9
Dodge: Dodged            |   108 |    69 |    11 ||   188
